 Dungeon Crawl Stone Soup version 0.28-a0-1518-gbe868bca14 (webtiles) character file.

Game seed: 11378964077666152185

908 comborobin the Covert (level 8, -11/94 HPs)
             Began as a Gnoll Brigand on Jan 17, 2022.
             Blown up by Ijyb (17 damage)
             ... with a mindburst bolt
             ... on level 5 of the Dungeon.
             The game lasted 00:05:36 (5228 turns).

comborobin the Covert (Gnoll Brigand)               Turns: 5228, Time: 00:05:36

Health: -11/94     AC: 24    Str: 10    XL:     8   Next: 8%
Magic:  12/12      EV:  2    Int: 13    God:
Gold:   168        SH:  0    Dex: 16    Spells: 12/12 levels left

rFire   . . .      SeeInvis .     - Unarmed
rCold   . . .      Faith    .   (no shield)
rNeg    + . .      Spirit   .   (armour currently unavailable)
rPois   +          Reflect  .   (helmet currently unavailable)
rElec   .          Harm     .   (cloak currently unavailable)
rCorr   .          Rampage  .   (gloves currently unavailable)
Will    .....      NoTele   +   (boots currently unavailable)
Stlth   ++++......              (no amulet)
HPRegen 0.25/turn               m - ring of positive energy
MPRegen 0.13/turn               (no ring)

@: mighty, tree-form
A: stationary, stasis, torment immunity, boosted hp, (fangs 1), strong nose,
distributed training, (hooves 1), agile 1, (fire resistance 1)
a: no special abilities


You were on level 5 of the Dungeon.
You were a tree.
You visited 1 branch of the dungeon, and saw 5 of its levels.

You collected 204 gold pieces.
You spent 36 gold pieces at shops.

Inventory:

Hand Weapons
 b - a +1 hand axe of flaming
 e - a +0 short sword of speed
Missiles
 d - 8 poisoned darts (quivered)
Armour
 c - a +0 cloak (melded)
 g - a +0 scale mail
 h - a +0 robe (melded)
 i - a +0 helmet (melded)
 k - an orb of guile
Jewellery
 m - a ring of positive energy (left branch)
Wands
 r - a wand of iceblast (3)
Scrolls
 f - 3 scrolls of teleportation
 j - a scroll of identify
 q - 2 scrolls of magic mapping
Potions
 o - a potion of cancellation
 s - a potion of brilliance


   Skills:
 + Level 5.5 Fighting
 + Level 5.5 Short Blades
 + Level 2.9 Long Blades
 + Level 2.9 Axes
 + Level 2.9 Maces & Flails
 + Level 2.9 Polearms
 + Level 2.9 Staves
 + Level 2.9 Slings
 + Level 2.9 Bows
 + Level 2.9 Crossbows
 + Level 5.5 Throwing
 + Level 2.9 Armour
 + Level 4.0 Dodging
 + Level 8.4 Stealth
 + Level 2.9 Shields
 + Level 2.9 Unarmed Combat
 + Level 2.9 Spellcasting
 + Level 2.3 Conjurations
 + Level 2.3 Hexes
 + Level 2.3 Summonings
 + Level 2.3 Necromancy
 + Level 2.3 Translocations
 + Level 2.3 Transmutations
 + Level 2.3 Fire Magic
 + Level 2.3 Ice Magic
 + Level 2.3 Air Magic
 + Level 2.3 Earth Magic
 + Level 2.3 Poison Magic
 + Level 3.2 Invocations
 + Level 2.9 Evocations


You had 12 spell levels left.
You didn't know any spells.
Your spell library was empty.

Dungeon Overview and Level Annotations

Branches:
Dungeon (5/15)
 Temple: D:4-7

Altars:
Uskayaw

Shops:
D:2 ?   D:3 !

Annotations:
D:4 1 runed translucent door, Pooter's ghost, amateur MiMo
D:5 exclusions: yak and 3 more exclusions, Ijyb


Innate Abilities, Weirdness & Mutations

You are a tree.
Your roots penetrate the ground, keeping you stationary.
You cannot be teleported.
You are immune to unholy pain and torment.
Your maximum health is greatly increased.
Your equipment is partially melded.
((You have very sharp teeth.))
Your uncanny sense of smell can sniff out nearby items.
Your experience applies equally to all skills.
((You have large cloven feet.))
You are agile. (Dex +2)
((Your flesh is heat resistant. (rF+)))


Message History

You hit the hound skeleton. You burn the hound skeleton.
You destroy the hound skeleton!
Unknown command.
You hit the howler monkey. You burn the howler monkey.
The howler monkey is moderately wounded.
A bullfrog zombie comes into view.
The howler monkey hits you but does no damage.
Unknown command.
You barely miss the howler monkey.
The howler monkey is moderately wounded.
The howler monkey hits you but does no damage. x2
Unknown command.
You slash the howler monkey! You burn the howler monkey.
You kill the howler monkey!
Your Dodging skill increases to level 4!
Unknown command.
Press: ? - help, v - describe, . - travel
Here: Ijyb, wielding a +4 spectral club, wearing a +0 scale mail and carrying a wand of mindburst (24)
The floor.
Unknown command.
Unknown command.
Aiming: Iceblast
Press: ? - help, Shift-Dir - straight line, f - Ijyb
Aim: Ijyb, wielding a +4 spectral club, wearing a +0 scale mail and carrying a wand of mindburst (24)
The mass of ice explodes!
The iceblast engulfs Ijyb!
Ijyb is heavily wounded.
The iceblast engulfs the bullfrog zombie!
The bullfrog zombie partially resists.
The bullfrog zombie is moderately damaged.
Unknown command.
Okay, then.
You closely miss Ijyb.
Ijyb is heavily wounded.
Ijyb hits you but does no damage.
Unknown command.
Okay, then.
You drop a +2 dagger.
Ijyb barely misses you.
Your +1 hand axe of flaming stops flaming.
You are now empty-handed.
Ijyb zaps a wand.
Your mind is blasted!
You die...

#.# ######.######
#.# #.# #.# #.# ##.#
### #..# ### #≈≈≈≈#
#.## #.###≈≈≈≈≈≈ #.#
#....≈≈....
#.###.####...≈≈.....
#......♣.#..≈....≈≈.
#####.##g#..≈..≈≈..≈
#.##Z#...≈≈....≈
#......o....⌠≈≈.
####[.(....≈≈⌠..
#†.....≈w...≈
#......≈..≈≈.
#.......≈≈...
#...........≈


You could see Ijyb and a bullfrog zombie.

Vanquished Creatures
  A steam dragon (D:5)
  An ice beast (D:5)
  A phantom (D:4)
  2 scorpions
  A water moccasin zombie (D:5)
  A howler monkey (D:5)
  2 orc priests
  Jessica (D:1)
  Terence (D:2)
  Natasha (thrice) (D:2)
  An iguana (D:4)
  An orc wizard (D:4)
  2 hound skeletons (D:5)
  Robin (D:2)
  2 adders
  A gnoll (D:1)
  A white imp (D:5)
  A dart slug (D:5)
  9 orcs
  6 endoplasms
  5 giant cockroaches
  12 goblins
  11 hobgoblins
  6 jackals
  6 quokkas
  10 ball pythons
  4 bats
  A frilled lizard (D:1)
  3 kobolds (D:1)
  9 rats
106 creatures vanquished.

Vanquished Creatures (others)
  3 plants (D:5)
  5 withered plants (D:5)
8 creatures vanquished.

Grand Total: 114 creatures vanquished

Notes
Turn   | Place    | Note
-------+----------+-------------------------------------------
     0 | D:1      | comborobin the Gnoll Brigand began the quest for the Orb.
     0 | D:1      | Reached XP level 1. HP: 20/20 MP: 1/1
   131 | D:1      | Reached XP level 2. HP: 26/26 MP: 2/2
   272 | D:1      | Reached XP level 3. HP: 31/31 MP: 3/3
   736 | D:2      | Found Meorr's Magic Scroll Shoppe.
   803 | D:2      | Noticed Natasha
   805 | D:2      | Noticed Jessica
   903 | D:1      | Killed Jessica
   904 | D:1      | Reached skill level 1 in Long Blades
   904 | D:1      | Reached skill level 1 in Axes
   904 | D:1      | Reached skill level 1 in Maces & Flails
   904 | D:1      | Reached skill level 1 in Polearms
   904 | D:1      | Reached skill level 1 in Staves
   904 | D:1      | Reached skill level 1 in Slings
   904 | D:1      | Reached skill level 1 in Bows
   904 | D:1      | Reached skill level 1 in Crossbows
   904 | D:1      | Reached skill level 1 in Armour
   904 | D:1      | Reached skill level 1 in Shields
   904 | D:1      | Reached skill level 1 in Unarmed Combat
   904 | D:1      | Reached skill level 1 in Spellcasting
   904 | D:1      | Reached skill level 1 in Invocations
   904 | D:1      | Reached skill level 1 in Evocations
   904 | D:1      | Reached XP level 4. HP: 5/38 MP: 5/5
  1184 | D:2      | Killed Natasha
  1224 | D:2      | Noticed Natasha
  1244 | D:2      | Killed Natasha
  1245 | D:2      | Reached skill level 1 in Conjurations
  1245 | D:2      | Reached skill level 1 in Hexes
  1245 | D:2      | Reached skill level 1 in Summonings
  1245 | D:2      | Reached skill level 1 in Necromancy
  1245 | D:2      | Reached skill level 1 in Translocations
  1245 | D:2      | Reached skill level 1 in Transmutations
  1245 | D:2      | Reached skill level 1 in Fire Magic
  1245 | D:2      | Reached skill level 1 in Ice Magic
  1245 | D:2      | Reached skill level 1 in Air Magic
  1245 | D:2      | Reached skill level 1 in Earth Magic
  1245 | D:2      | Reached skill level 1 in Poison Magic
  1496 | D:2      | Noticed Natasha
  1504 | D:2      | Killed Natasha
  1505 | D:2      | Reached XP level 5. HP: 30/43 MP: 5/7
  1648 | D:2      | Found a faded altar of an unknown god.
  1701 | D:2      | Noticed Terence
  1705 | D:2      | Killed Terence
  1879 | D:2      | Noticed Robin
  2334 | D:2      | Killed Robin
  2720 | D:3      | Reached skill level 8 in Stealth
  2920 | D:3      | Reached XP level 6. HP: 40/50 MP: 8/8
  3287 | D:3      | Found Wophodd's Distillery.
  3293 | D:3      | Bought a potion of lignification for 36 gold pieces
  3294 | D:3      | Gained mutation: You have large cloven feet. [potion of
                  | mutation]
  3294 | D:3      | Gained mutation: You are agile. (Dex +2) [potion of
                  | mutation]
  3294 | D:3      | Gained mutation: Your flesh is heat resistant. (rF+)
                  | [potion of mutation]
  3700 | D:4      | Found a hide-covered altar of Uskayaw.
  3718 | D:4      | Found a runed translucent door.
  3780 | D:4      | Reached skill level 5 in Fighting
  3780 | D:4      | Reached skill level 5 in Short Blades
  3780 | D:4      | Reached skill level 5 in Throwing
  4024 | D:4      | Noticed Pooter's ghost (amateur MiMo)
  4387 | D:4      | Reached XP level 7. HP: 37/56 MP: 10/10
  4708 | D:5      | Entered Level 5 of the Dungeon
  4709 | D:5      | Noticed a steam dragon
  4734 | D:5      | Killed a steam dragon
  4970 | D:5      | Noticed a yak
  5209 | D:5      | Reached XP level 8. HP: 44/63 MP: 12/12
  5212 | D:5      | Noticed Ijyb
  5218 | D:5      | HP: 2/63 [white imp (5)]
  5228 | D:5      | Blown up by Ijyb

Illustrated notes

Levels and vault maps discovered:
D:1:      minmay_arrival_radiant_lines, layout_loops_ring
D:2:      layout_rooms, hellmonk_ecumenical_altar_crossroads, serial_shops,
          nicolae_shop_advertising_works [nicolae_subvault_shop_adworks],
          columned_hall_lemuel, uniq_jessica, uniq_terence, uniq_robin,
          uniq_natasha
D:3:      layout_basic, serial_shops, nicolae_shop_stone,
          hangedman_abyss_or_decor_lesser_grid
D:4:      layout_rooms, nicolae_uskayaw_murder_on_the_dancefloor,
          ebering_ghost_reflecting_pool
D:5:      cheibrodos_helix_gallery, layout_loops_ring,
          grunt_temple_overflow_growth_and_decay,
          mainiacjoe_overflow_cross_hatched, elyvilon_altar_5, uniq_ijyb

Skill      XL: |  1  2  3  4  5  6  7  8 |
---------------+-------------------------+-----
Long Blades    | 1 2 |  2.9
Axes           | 1 2 |  2.9
Maces & Flails | 1 2 |  2.9
Polearms       | 1 2 |  2.9
Staves         | 1 2 |  2.9
Slings         | 1 2 |  2.9
Bows           | 1 2 |  2.9
Crossbows      | 1 2 |  2.9
Armour         | 1 2 |  2.9
Shields        | 1 2 |  2.9
Unarmed Combat | 1 2 |  2.9
Spellcasting   | 1 2 |  2.9
Invocations    | 1 2 3 |  3.2
Evocations     | 1 2 |  2.9
Conjurations   | 1 2 |  2.3
Hexes          | 1 2 |  2.3
Summonings     | 1 2 |  2.3
Necromancy     | 1 2 |  2.3
Translocations | 1 2 |  2.3
Transmutations | 1 2 |  2.3
Fire Magic     | 1 2 |  2.3
Ice Magic      | 1 2 |  2.3
Air Magic      | 1 2 |  2.3
Earth Magic    | 1 2 |  2.3
Poison Magic   | 1 2 |  2.3
Dodging        | 3 4 |  4.0
Stealth        | 8 |  8.4
Fighting       | 5 |  5.5
Short Blades   | 5 |  5.5
Throwing       | 5 |  5.5

Action                   |  1- 3 |  4- 6 |  7- 9 || total
-------------------------+-------+-------+-------++-------
Melee: Dagger            |    64 |   181 |     7 ||   252
       Punch             |     2 |     3 |       ||     5
       Bite              |     3 |    21 |     8 ||    32
       Hand axe          |       |    37 |    40 ||    77
       Kick              |       |    18 |    14 ||    32
Throw: Dart              |       |    15 |     5 ||    20
Evoke: Wand              |       |       |     2 ||     2
  Use: Potion            |     1 |     3 |     2 ||     6
       Scroll            |       |     1 |     4 ||     5
 Stab: Sleeping          |     8 |    10 |     2 ||    20
Armor: Robe              |    24 |    45 |     4 ||    73
       Skin              |       |       |     8 ||     8
Dodge: Dodged            |    38 |   123 |    29 ||   190

Table legend: (Time is in decaauts)
 A = Elapsed time spent in this place.
 B = Non-inter-level travel time spent in this place.
 C = Inter-level travel time spent in this place.
 D = Time resting spent in this place.
 E = Time spent auto-exploring this place.
 F = Levels seen in this place.
 G = Mean time per level.
                   A        B        C        D        E       F      G
               +--------+--------+--------+--------+--------+-----+--------+
         Total |   5173 |   5025 |    148 |   1397 |   2645 |   5 | 1034.6 |
       Dungeon |   5173 |   5025 |    148 |   1397 |   2645 |   5 | 1034.6 |
               +--------+--------+--------+--------+--------+-----+--------+

Top non-repeatable levels by time:
     D:1: 1303 daAuts
     D:2: 1233 daAuts
     D:3: 1105 daAuts
     D:4: 1010 daAuts
     D:5: 520 daAuts
